 Dungeon Crawl Stone Soup version 0.23.0 (webtiles) character file.

Game seed: 6362464317499972006

121 Nygeryga the Cudgeler (level 4, 0/41 HPs)
             Began as a Minotaur Fighter on Feb 11, 2019.
             Slain by a gnoll
             ... wielding a +0 club
              (4 damage)
             ... on level 2 of the Dungeon.
             The game lasted 00:02:28 (1576 turns).

Nygeryga the Cudgeler (Minotaur Fighter)            Turns: 1576, Time: 00:02:28

Health: 0/41       AC:  6    Str: 21    XL:     4   Next: 76%
Magic:  3/3        EV:  7    Int:  5    God:
Gold:   108        SH:  9    Dex: 10    Spells: 3/3 levels left

rFire    . . .     SeeInvis .   a - +0 flail
rCold    . . .     Gourm    .   c - +0 shield
rNeg     . . .     Faith    .   b - +0 scale mail
rPois    .         Spirit   .   (helmet restricted)
rElec    .         Reflect  .   (no cloak)
rCorr    .         Harm     .   (no gloves)
MR       .....                  (no boots)
Stlth    ..........             (no amulet)
HPRegen  0.13/turn              (no ring)
MPRegen  0.08/turn              (no ring)

@: no status effects
A: retaliatory headbutt, horns 2
a: no special abilities


You were on level 2 of the Dungeon.
You were not hungry.

You visited 1 branch of the dungeon, and saw 3 of its levels.

You collected 108 gold pieces.

Inventory:

Hand Weapons
 a - a +0 flail (weapon)
Armour
 b - a +0 scale mail (worn)
 c - a +0 shield (worn)
Jewellery
 g - an uncursed amulet of guardian spirit {unknown}
Scrolls
 e - 3 scrolls of teleportation {unknown}
 h - a scroll of fog {unknown}
 i - a scroll of random uselessness {unknown}
 j - 3 scrolls of identify {unknown}
 n - a scroll of amnesia {unknown}
 p - a scroll of remove curse {unknown}
Potions
 d - 2 potions of might
 k - 2 potions of heal wounds {unknown}
 m - a potion of agility {unknown}
 o - 2 potions of curing {unknown}
 q - a potion of haste {unknown}
 r - a potion of brilliance {unknown}
Comestibles
 f - 4 rations
 l - 10 chunks of flesh


   Skills:
 + Level 4.8 Fighting
 * Level 5.2 Maces & Flails
 - Level 3.6 Armour
 - Level 3.6 Shields


You had 3 spell levels left.
You didn't know any spells.
Your spell library was empty.

Dungeon Overview and Level Annotations

Branches:
Dungeon (3/15)

Altars:


Innate Abilities, Weirdness & Mutations

You reflexively headbutt those who attack you in melee.
You have a pair of horns on your head.


Message History

The gnoll hits you from afar with a +0 halberd of holy wrath.
You hit the gnoll.
The gnoll is heavily wounded.
You block the gnoll's attack. The gnoll barely misses you.
You furiously retaliate!
You headbutt the gnoll.
The gnoll hits you from afar with a +0 halberd of holy wrath!
* * * LOW HITPOINT WARNING * * *
You sock the gnoll!
You kill the gnoll!
You block the gnoll's attack.
The gnoll hits you from afar with a +0 halberd of holy wrath!
* * * LOW HITPOINT WARNING * * *
There is a stone staircase leading up here.
You block the gnoll's attack.
You climb upwards.
There is a stone staircase leading down here.
You sock the gnoll!
The gnoll is severely wounded.
The gnoll hits you with a +0 club.
You die...

..................##
.#...#..........#..#
.###.#.########.##.#
.# #.#.#######.....#
.###.#.#....)...####
....)....####...##
.###.#...#.......#
...(.#...#.......#
..(.(.).).......@#####
######..........g....#
#.รท)..###.#####.#
###...#.........# ##
#....#.#.#############
.#
#....#....<#(........#
.#
#....###.#.#.#######.#
.# #........#.#.# #.#
.# #......#.#.#.# #.#


You could see a gnoll.

Vanquished Creatures
  Terence (D:2)
  A gnoll (D:3)
  An adder (D:2)
  2 worms (D:2)
  2 dart slugs
  A leopard gecko (D:1)
  12 giant cockroaches (D:2)
  9 goblins
  8 hobgoblins
  3 jackals (D:1)
  7 kobolds
  5 bats
  3 frilled lizards
  2 rats (D:1)
57 creatures vanquished.

Notes
Turn   | Place    | Note
-------+----------+-------------------------------------------
     0 | D:1      | Nygeryga the Minotaur Fighter began the quest for the Orb.
     0 | D:1      | Reached XP level 1. HP: 19/19 MP: 0/0
    49 | D:1      | Reached skill level 3 in Maces & Flails
    63 | D:1      | Reached XP level 2. HP: 27/27 MP: 1/1
   769 | D:2      | Reached skill level 4 in Maces & Flails
   769 | D:2      | Reached XP level 3. HP: 30/33 MP: 2/2
  1255 | D:2      | Noticed Terence
  1280 | D:2      | Killed Terence
  1280 | D:2      | Reached XP level 4. HP: 34/41 MP: 3/3
  1386 | D:2      | Reached skill level 5 in Maces & Flails
  1576 | D:2      | Slain by a gnoll

Skill      XL: |  1  2  3  4 |
---------------+-------------+-----
Maces & Flails | 3 4 5 |  5.2
Fighting       | 4 |  4.8
Armour         | |  3.6
Shields        | |  3.6

Action                   |  1- 3 |  4- 6 || total
-------------------------+-------+-------++-------
Melee: Flail             |    97 |    34 ||   131
       Headbutt          |    17 |     5 ||    22
  Eat: Chunk             |     1 |     1 ||     2
Armor: Scale mail        |    42 |     9 ||    51
Dodge: Dodged            |    23 |     9 ||    32
Block: Shield            |    53 |    17 ||    70
